 Dungeon Crawl Stone Soup version 0.29-a0-284-gf9362112df (webtiles) character file.

Game seed: 17694325271915278621

4650 spaghetti the Unseen (level 10, -5/108 (121) HPs)
             Began as a Deep Dwarf Monk on Mar 25, 2022.
             Was a Priest of Ru.
             Slain by a blink frog (8 damage)
             ... on level 1 of the Lair of Beasts.
             The game lasted 00:16:09 (6114 turns).

spaghetti the Unseen (Deep Dwarf Monk)              Turns: 6114, Time: 00:16:09

HP:   -5/108 (121)  AC:  7    Str: 13    XL:     10   Next: 20%
MP:   9/9           EV: 19    Int: 11    God:    Ru [***...]
Gold: 440           SH:  0    Dex: 20    Spells: 9/9 levels left

rFire   + . .      SeeInvis .   l - +1 dagger (distort) {!wshort}
rCold   . . .      Faith    .   (no shield)
rNeg    + . .      Spirit   .   m - +2 robe {rF+}
rPois   +          Reflect  .   (no helmet)
rElec   .          Harm     .   r - +2 ratskin cloak {*Rats rPois rN+ Str-1 Int-1 Dex+1}
rCorr   .          Rampage  .   (no gloves)
Will    +....                   g - +0 pair of boots
Stlth   ..........              (no amulet)
HPRegen 0.00/turn               (no ring)
MPRegen 0.11/turn               (no ring)

@: berserking (expiring), exhausted, heavily drained, unable to read, very quick
A: damage resistance, heal wounds, sense surroundings 2, no potion heal 1,
inability to use devices, no regeneration, deformed body, inability to read
while threatened
a: Heal Wounds, Renounce Religion, Draw Out Power


You were on level 1 of the Lair of Beasts.
You worshipped Ru.
Ru was most pleased with you.
You visited 3 branches of the dungeon, and saw 11 of its levels.

You collected 466 gold pieces.
You spent 26 gold pieces at shops.


Innate Abilities, Weirdness & Mutations

You are resistant to damage.
You can heal yourself by infusing magical energy.
You passively map the area around you.
Potions are less effective at restoring your health.
You cannot study or use magical devices.
You do not regenerate.
Armour fits poorly on your strangely shaped body.
You sometimes lose the ability to read scrolls when taking damage.


   Skills:
 - Level 2.6 Fighting
 - Level 2.6 Short Blades
 + Level 10.1 Dodging
 * Level 15.7 Stealth


You had 9 spell levels left.
You didn't know any spells.
Your spell library contained the following spells:

 Spells                   Type           Power      Damage    Failure   Level
 Dazzling Flash           Conj/Hex       0%         N/A       71%         3
 Iskenderun's Mystic Bla  Conj/Tloc      0%         2d3       98%         4
 Starburst                Conj/Fire      0%         6d3       100%        6

Inventory:

Hand Weapons
 a - a +0 short sword {short}
 l - a +1 dagger of distortion (weapon) {!wshort}
   (You took it off an orc on level 3 of the Dungeon)
 n - a +3 falchion of holy wrath {long}
   (You took it off Eustachio on level 5 of the Dungeon)
 q - the +2 dagger "Ricabris" {spect, Int+5, short}
   (You found it on level 5 of the Dungeon)

   When its wielder attacks, the weapon's spirit leaps out and strikes again.
   The spirit shares a part of any damage it takes with its wielder.
   Int:       It affects your intelligence (+5).
 t - a +2 halberd of distortion {!wpolearm}
   (You took it off a gnoll on level 7 of the Dungeon)
Missiles
 e - 294 stones (quivered) {throwing}
 f - a throwing net {=f!fthrowing}
 j - 6 atropa-tipped darts {throwing}
 k - 9 poisoned darts {throwing}
 s - 2 javelins {throwing}
 x - a curare-tipped dart {=fthrowing}
Armour
 b - a +0 robe
 g - a +0 pair of boots (worn)
   (You found it on level 2 of the Dungeon)
 m - a +2 robe of fire resistance (worn)
   (You took it off Blork the orc on level 5 of the Dungeon)
 o - a +1 leather armour of poison resistance
   (You took it off Eustachio on level 5 of the Dungeon)
 r - the +2 ratskin cloak (worn) {*Rats rPois rN+ Str-1 Int-1 Dex+1}
   (You found it on level 5 of the Dungeon)

   When the wearer is hurt, rats may emerge from it to assist them.
   Str:       It affects your strength (-1).
   Int:       It affects your intelligence (-1).
   Dex:       It affects your dexterity (+1).
   rPois:     It protects you from poison.
   rN:        It protects you from negative energy.
Magical Staves
 B - a staff of earth {!astaff}
   (You found it on level 8 of the Dungeon)
Wands
 p - a wand of paralysis (2)
   (You found it on level 5 of the Dungeon)
Scrolls
 c - a scroll of holy word
 d - a scroll of brand weapon
 h - 4 scrolls of teleportation {@r4}
 i - 2 scrolls of enchant armour
 y - a scroll of magic mapping {unknown}
Potions
 u - 2 potions of magic
 v - 2 potions of attraction {!q}
 z - a potion of resistance {unknown}
 A - 2 potions of cancellation
 C - a potion of haste {unknown}

Dungeon Overview and Level Annotations

Branches:
Dungeon (9/15)             Temple (1/1) D:5            Lair (1/6) D:9
    Orc: D:9-12

Altars:
Ashenzari
Cheibriados
Dithmenos
Elyvilon
Fedhas
Gozag
Hepliaklqana
Kikubaaqudgha
Makhleb
Nemelex Xobeh
Qazlal
Ru
Sif Muna
Trog
Uskayaw
Vehumet
Wu Jian
Xom
Yredelemnul
Zin
The Shining One

Shops:
D:1 ?   D:2 [

Annotations:
Abyss:1 Natasha

, , ,..................,,, , ,
?.........../..... , ,
..............F.# , ,
,.............§.# * , *
....................rr..# , ,
.................F.F....# , *
........................# ≈≈
................F†.....##*#♣♣♣≈♣
...............§@§.....# ≈≈≈≈P≈≈
......................##♣♣≈≈≈≈≈≈≈
.......................♣♣≈P≈≈≈≈≈≈
....................#..♣♣≈♣≈≈≈≈P≈
...................###.♣≈≈≈≈≈≈≈≈≈
S.#................P*#..♣≈≈≈♣≈≈≈≈
l...###########.#..#####.♣♣§≈≈♣≈P
l...# ###.>.#.#...†§≈≈≈≈≈ ....# *
#.........≈.≈♣♣♣♣


You could see 4 blink frogs, a friendly hell rat and a friendly river rat.


Message History

A river rat scurries out from under your cloak.
The blink frog begins to attack, but is stunned by your conviction!
Your hell rat completely misses the blink frog.
The bullfrog misses you. The blink frog misses you. 😮 HP[-9]
You take 9 damage, and now have 36/68 hp.
Unknown command.
You closely miss the bullfrog. The blink frog hits your hell rat!
The blink frog blinks!
The blink frog misses you. The blink frog barely misses you.
The blink frog blinks!
The blink frog hits you!
* * * LOW HITPOINT WARNING * * *
A hell rat scurries out from under your cloak.
The bullfrog barely misses you.
Your hell rat barely misses the blink frog. 😨 HP[-7]
You take 7 damage, and now have 29/68 hp.
Unknown command.
Unknown command.
You swap places.
The bullfrog attacks as you move away! The bullfrog completely misses you.
The blink frog hits your hell rat!
The blink frog blinks!
The blink frog begins to attack, but is stunned by your conviction!
The blink frog misses you.
The bullfrog hits your hell rat but does no damage.
You redirect the blink frog's attack!
The blink frog hits your hell rat!
Your hell rat dies!
Unknown command.
The blink frog attacks as you move away!
The blink frog hits you!
* * * LOW HITPOINT WARNING * * *
The blink frog blinks!
The blink frog barely misses you.
The blink frog begins to attack, but is stunned by your conviction!
The blink frog is stunned by your conviction and fails to attack. 😨 HP[-11]
You take 11 damage, and now have 18/68 hp.
You cannot read scrolls in your current state!
Unknown command.
Really quaff
w - a potion of berserk rage {!q}?
A red film seems to cover your vision as you go berserk!
You feel yourself moving faster!
You feel mighty!
The blink frog blinks! x3
Your river rat misses the blink frog.
The bullfrog barely misses you.
Your hell rat bites the blink frog!!
The blink frog blinks!
The blink frog hits your hell rat.
The blink frog blinks! 😨 HP[+10]
You now have 102 max hp (+34).
You regained 10 hp, and now have 28/102 hp.
You hit the bullfrog.
The bullfrog blinks!
The basilisk begins to attack, but is stunned by your conviction!
You closely miss the blink frog.
Your hell rat barely misses the blink frog.
The blink frog closely misses you.
Your river rat bites the blink frog.
You miss the blink frog.
The blink frog blinks!
The blink frog hits you!
* * * LOW HITPOINT WARNING * * *
😱 HP[-4]
You take 4 damage, and now have 24/102 hp.
Unknown command.
You hit the basilisk.
Space warps horribly around the basilisk!
You closely miss the basilisk. The blink frog completely misses you.
The basilisk begins to attack, but is stunned by your conviction!
The blink frog begins to attack, but is stunned by your conviction!
You barely miss the basilisk. The blink frog closely misses you.
You hit the basilisk.
Space warps horribly around the basilisk!!
You kill the basilisk!
You redirect the blink frog's attack!
The blink frog blinks!
You redirect the blink frog's attack!
The blink frog hits you.
* * * LOW HITPOINT WARNING * * *
The blink frog misses you. 😱 HP[-1]
You now have 106 max hp (+4).
You closely miss the bullfrog. The bullfrog closely misses you.
The blink frog closely misses you. The blink frog barely misses you.
Your hell rat bites the bullfrog!!
The bullfrog dies!
The blink frog misses you.
You now have 108 max hp (+2).
You puncture the blink frog!
Space warps around the blink frog.
The blink frog blinks!
You redirect the blink frog's attack!
The blink frog hits you!
* * * LOW HITPOINT WARNING * * *
The blink frog blinks!
The blink frog hits you.
The blink frog blinks! 😱 HP[-6]
You take 6 damage, and now have 17/108 hp.
Unknown command.
Unknown command.
You puncture the blink frog!
Space warps around the blink frog.
The blink frog begins to attack, but is stunned by your conviction!
You barely miss the blink frog. The blink frog hits you!
* * * LOW HITPOINT WARNING * * *
😱 HP[-14]
You take 14 damage, and now have 3/108 hp.
You closely miss the blink frog. The blink frog hits your river rat.
The blink frog blinks!
The blink frog hits you!
You die...

Skill      XL: |  1  2  3  4  5  6  7  8  9 10 |
---------------+-------------------------------+-----
Stealth        | 3 4 5 6 7 8 10 12 15 | 15.7
Dodging        | 4 5 6 8 9 10 | 10.1
Fighting       | |  2.6
Short Blades   | |  2.6

Action                   |  1- 3 |  4- 6 |  7- 9 | 10-12 || total
-------------------------+-------+-------+-------+-------++-------
Melee: Short sword       |   111 |    25 |       |       ||   136
       Punch             |     1 |     1 |       |     1 ||     3
       Dagger            |       |    69 |   209 |    41 ||   319
Throw: Dart              |       |     6 |       |       ||     6
       Stone             |       |     2 |    15 |       ||    17
Invok: Sacrifice Artific |       |       |     1 |       ||     1
       Draw Out Power    |       |       |     6 |     4 ||    10
       Sacrifice Purity  |       |       |     1 |       ||     1
 Abil: Heal Wounds       |       |       |     1 |       ||     1
Evoke: Wand              |       |       |     1 |       ||     1
  Use: Potion            |     2 |     4 |     4 |     1 ||    11
       Scroll            |     1 |     3 |     5 |     2 ||    11
 Stab: Sleeping          |     9 |    11 |    24 |     1 ||    45
       Paralysed         |       |       |     1 |       ||     1
       Distracted        |       |       |     2 |       ||     2
       Invisible         |       |       |     1 |       ||     1
Armor: Robe              |    19 |    16 |    33 |     4 ||    72
Dodge: Dodged            |    61 |    53 |   128 |    46 ||   288

Levels and vault maps discovered:
D:1:      ncdulo_watergridlock, layout_basic,
          hellmonk_ecumenical_altar_prayer_group, serial_shops, shop,
          minmay_misc_feat_nine_boxes
D:2:      layout_basic, serial_shops, shop
D:3:      layout_basic, uniq_natasha
D:4:      layout_loops_ring, uniq_pikel
D:5:      nicolae_cairo_tiling_very_big, layout_basic,
          minmay_temple_entry_antechambers, uniq_blork_the_orc, uniq_edmund,
          uniq_eustachio
D:6:      layout_layer_cave, abandoned_shop
D:7:      layout_loops_ring, chequers_serial_rivers_small_b
D:8:      layout_basic
D:9:      lemuel_ice_spiral_2, layout_stronghold, lair_entry_dummy,
          gammafunk_ghost_ooze, st_stairs_10, kennysheep_doodads, uniq_harold
Temple:   mainiacjoe_temple_hex_bubbles
Lair:1:   layout_layer_cave, serial_bayou_lake_a, lemuel_fruit_fields

Notes
Turn   | Place    | Note
-------+----------+-------------------------------------------
     0 | D:1      | spaghetti the Deep Dwarf Monk began the quest for the Orb.
     0 | D:1      | Reached XP level 1. HP: 20/20 MP: 1/1
     0 | D:1      | magus.rc [v1.9.6]
   155 | D:1      | Found Uphoun's Magic Scroll Boutique.
   166 | D:1      | Reached skill level 3 in Stealth
   173 | D:1      | Bought a scroll of identify for 26 gold pieces
   303 | D:1      | Reached XP level 2. HP: 21/27 MP: 2/2
   461 | D:4      | Reached skill level 4 in Stealth
   518 | D:2      | Reached XP level 3. HP: 15/33 MP: 3/3
   663 | D:2      | Found Gicrakit's Armour Shoppe.
   803 | D:2      | Reached skill level 5 in Stealth
  1156 | D:3      | Reached XP level 4. HP: 33/40 MP: 4/4
  1248 | D:3      | Noticed Natasha
  1268 | D:3      | Killed Natasha
  1269 | D:3      | Reached skill level 4 in Dodging
  1415 | D:3      | Noticed Natasha
  1421 | D:3      | Banished Natasha
  1429 | D:3      | Reached skill level 6 in Stealth
  1429 | D:3      | Reached XP level 5. HP: 31/46 MP: 5/5
  1728 | D:4      | You pick up a book of Spectacle and begin reading...
  1728 | D:4      | You add the spells Dazzling Flash, Iskenderun's Mystic
                  | Blast and Starburst to your library.
  1769 | D:5      | Entered Level 5 of the Dungeon
  1810 | D:5      | Reached skill level 5 in Dodging
  1877 | D:5      | Noticed Blork the orc
  1881 | D:5      | Killed Blork the orc
  1882 | D:5      | Reached skill level 7 in Stealth
  1882 | D:5      | Reached XP level 6. HP: 29/55 MP: 6/6
  2064 | D:5      | Noticed Eustachio
  2133 | D:5      | Killed Eustachio
  2134 | D:5      | Reached skill level 8 in Stealth
  2134 | D:5      | Reached XP level 7. HP: 41/61 MP: 7/7
  2141 | D:5      | Identified the +2 dagger "Ricabris" {spect, Int+5}
  2233 | D:5      | Gained mutation: Armour fits poorly on your strangely
                  | shaped body. [potion of mutation]
  2233 | D:5      | Gained mutation: You sometimes lose the ability to read
                  | scrolls when taking damage. [potion of mutation]
  2360 | D:5      | Found a staircase to the Ecumenical Temple.
  2361 | D:5      | Found the +2 ratskin cloak {*Rats rPois rN+ Str-1 Int-1
                  | Dex+1}
  2362 | D:5      | Noticed Edmund
  2369 | D:5      | Killed Edmund
  2370 | D:5      | Reached skill level 6 in Dodging
  2370 | D:5      | Reached skill level 9 in Stealth
  2383 | Temple   | Entered the Ecumenical Temple
  2587 | Temple   | Became a worshipper of Ru the Awakened
  2609 | D:5      | Gained mutation: You cannot study or use magical devices.
                  | [Ru sacrifice]
  2609 | D:5      | Reached * piety under Ru
  2609 | D:5      | Reached ** piety under Ru
  3391 | D:6      | Reached skill level 10 in Stealth
  3627 | D:6      | Reached XP level 8. HP: 45/68 MP: 8/8
  3907 | D:7      | Reached skill level 7 in Dodging
  4017 | D:7      | Reached skill level 11 in Stealth
  4366 | D:7      | Reached skill level 12 in Stealth
  4381 | D:7      | Gained mutation: Potions are less effective at restoring
                  | your health. [Ru sacrifice]
  4381 | D:7      | Reached *** piety under Ru
  4476 | D:7      | Reached skill level 8 in Dodging
  4791 | D:8      | Gained mutation: You passively map the area around you.
                  | [Deep Dwarf growth]
  4791 | D:8      | Reached XP level 9. HP: 47/74 MP: 8/8
  5111 | D:8      | Reached skill level 13 in Stealth
  5146 | D:8      | Reached skill level 9 in Dodging
  5151 | D:8      | Noticed a two-headed ogre
  5165 | D:8      | Killed a two-headed ogre
  5166 | D:8      | Reached skill level 14 in Stealth
  5672 | D:9      | Reached skill level 15 in Stealth
  5675 | D:9      | Noticed a troll
  5693 | D:9      | Banished a troll
  5694 | D:9      | Reached XP level 10. HP: 57/78 MP: 9/9
  5938 | D:9      | Found a staircase to the Lair.
  5966 | Lair:1   | Entered Level 1 of the Lair of Beasts
  5974 | Lair:1   | Noticed a cane toad
  6077 | Lair:1   | Reached skill level 10 in Dodging
  6105 | Lair:1   | HP: 24/102 [blink frog (4)]
  6111 | Lair:1   | HP: 17/108 [blink frog (6)]
  6113 | Lair:1   | HP: 3/108 [blink frog (14)]
  6114 | Lair:1   | Slain by a blink frog

Vanquished Creatures
  A two-headed ogre (D:8)
  4 yaks
  Eustachio (D:5)
  A basilisk (Lair:1)
  Edmund (D:5)
  A black bear (D:7)
  2 sky beasts
  2 orc warriors
  4 centaurs
  A phantom (D:7)
  A kobold brigand (D:8)
  2 bullfrogs
  Blork the orc (D:5)
  A scorpion (D:5)
  5 wights (D:7)
  2 killer bees (D:8)
  3 hounds
  3 jellies
  4 orc priests
  A gnoll shaman (D:7)
  An iguana (D:4)
  Natasha (D:3)
  2 orc wizards
  6 gnolls (D:7)
  9 adders
  2 white imps (D:7)
  2 ufetubi (D:5)
  4 dart slugs
  16 orcs
  A bat (D:1)
  2 endoplasms
  2 giant cockroaches (D:3)
  3 goblins
  2 hobgoblins (D:1)
  2 jackals (D:3)
  4 quokkas
  11 ball pythons
  4 frilled lizards
  8 kobolds
  3 rats
126 creatures vanquished.

Vanquished Creatures (collateral kills)
  A yak (D:8)
  A bullfrog (Lair:1)
  An orc (D:7)
3 creatures vanquished.

Vanquished Creatures (others)
  A kobold (D:8)
  10 plants (Lair:1)
11 creatures vanquished.

Grand Total: 140 creatures vanquished

Table legend:
 A = Non-vault XP
 B = Vault XP
 C = Vault XP percentage of total XP
 D = Non-vault monster count
 E = Vault monster count
 F = Vault count percentage of total count
                 A         B        C        D         E       F
            +---------+---------+-------+---------+---------+-------
      Total |    6152 |     491 |   7.4 |     134 |       5 |   3.6
            +---------+---------+-------+---------+---------+-------
        D:1 |      16 |       2 |  11.1 |      11 |       1 |   8.3
        D:2 |      59 |       0 |   0.0 |      12 |       0 |   0.0
        D:3 |     154 |      27 |  14.9 |      28 |       1 |   3.4
        D:4 |      67 |       0 |   0.0 |       4 |       0 |   0.0
        D:5 |     201 |     462 |  69.7 |       7 |       3 |  30.0
        D:6 |     496 |       0 |   0.0 |       7 |       0 |   0.0
        D:7 |    1297 |       0 |   0.0 |      32 |       0 |   0.0
        D:8 |    2339 |       0 |   0.0 |      18 |       0 |   0.0
        D:9 |     538 |       0 |   0.0 |       9 |       0 |   0.0
     Lair:1 |     985 |       0 |   0.0 |       6 |       0 |   0.0
            +---------+---------+-------+---------+---------+-------

Illustrated notes

Table legend:
 A = Kills in this place as a percentage of kills in entire the game.
 B = Kills by you in this place as a percentage of kills by you in the entire game.
 C = Kills by friends in this place as a percentage of kills by friends in the entire game.
 D = Other kills in this place as a percentage of other kills in the entire game.
 E = Experience gained in this place as a percentage of experience gained in the entire game.
 F = Experience gained in this place divided by the number of levels of this place that you have seen.
                   A       B       C       D       E      F
               +-------+-------+-------+-------+-------+----------------------
         Total | 100.0 | 100.0 | 100.0 | 100.0 | 100.0 | 603.9
       Dungeon |  95.7 |  97.6 |  66.7 |  80.0 |  85.2 | 628.7
          Lair |   4.3 |   2.4 |  33.3 |  20.0 |  14.8 | 985.0
               +-------+-------+-------+-------+-------+----------------------

Table legend: (Time is in decaauts)
 A = Elapsed time spent in this place.
 B = Non-inter-level travel time spent in this place.
 C = Inter-level travel time spent in this place.
 D = Time resting spent in this place.
 E = Time spent auto-exploring this place.
 F = Levels seen in this place.
 G = Mean time per level.
                   A        B        C        D        E       F      G
               +--------+--------+--------+--------+--------+-----+--------+
         Total |   6073 |   5904 |    169 |    226 |   4328 |  11 |  552.1 |
       Dungeon |   5717 |   5570 |    147 |    226 |   4078 |   9 |  635.2 |
        Temple |    214 |    192 |     22 |      0 |    189 |   1 |  214.0 |
          Lair |    140 |    140 |      0 |      0 |     61 |   1 |  140.0 |
               +--------+--------+--------+--------+--------+-----+--------+

Top non-repeatable levels by time:
     D:6: 1103 daAuts
     D:8: 900 daAuts
     D:7: 847 daAuts
     D:5: 782 daAuts
     D:2: 643 daAuts
     D:3: 613 daAuts
     D:1: 429 daAuts
     D:9: 322 daAuts
  Temple: 214 daAuts
  Lair:1: 140 daAuts
     D:4: 76 daAuts
